 Dungeon Crawl Stone Soup version 0.29-a0-284-gf9362112df (console) character file.

Game seed: 1207872060917883016

1719 petzl the Conjurer (level 9, -4/40 (64) HPs)
             Began as a Formicid Arcane Marksman on Mar 20, 2022.
             Was an Initiate of Vehumet.
             Killed by vampiric draining
             ... invoked by a vampire
              (11 damage)
             ... on level 7 of the Dungeon.
             The game lasted 00:37:57 (9502 turns).

petzl the Conjurer (Formicid Arcane Marksman)       Turns: 9502, Time: 00:37:57

HP:   -4/40 (64)    AC:  3    Str: 20    XL:     9   Next: 24%
MP:   15/15         EV: 12    Int: 18    God:    Vehumet [......]
Gold: 327           SH:  0    Dex: 17    Spells: 11/16 levels left

rFire   + . .      SeeInvis +   c - +4 long sword
rCold   . . .      Faith    .   (no shield)
rNeg    . . .      Spirit   .   z - +0 leather armour {rF+}
rPois   .          Reflect  .   (helmet unavailable)
rElec   .          Harm     .   (no cloak)
rCorr   .          Rampage  .   (no gloves)
Will    .....                   (no boots)
Stlth   +.........              (no amulet)
HPRegen 0.13/turn               p - +6 ring of dexterity
MPRegen 0.14/turn               C - +6 ring of strength

@: confused, very heavily drained
A: permanent stasis, dig shafts and tunnels, antennae 3, four strong arms
a: Dig, Shaft Self, Renounce Religion


You were on level 7 of the Dungeon.
You worshipped Vehumet.
Vehumet was noncommittal.
You visited 2 branches of the dungeon, and saw 9 of its levels.

You collected 397 gold pieces.
You spent 70 gold pieces at shops.

Inventory:

Hand Weapons
 a - a +1 hand crossbow
 b - a +1 dagger of venom {!f =f}
 c - a +4 long sword (weapon)
 i - the +9 long sword of Melee {vamp, Drain +Blink MP+9 Stlth+}
   (You found it on level 4 of the Dungeon)

   It occasionally heals its wielder for a portion of the damage dealt when it
   wounds a living foe.
   MP:        It affects your magic capacity (+9).
   +Blink:    It lets you blink.
   Drain:     It drains your maximum health when unequipped.
   Stlth:     It makes you more stealthy.
 B - a +6 battleaxe of freezing {!f =f}
Missiles
 q - 3 javelins
 A - 5 poisoned darts
Armour
 h - a +0 kite shield
 u - a +0 buckler
 x - a +0 robe of fire resistance
 z - a +0 leather armour of fire resistance (worn)
Magical Staves
 y - a staff of conjuration
Jewellery
 p - a +6 ring of dexterity (left hand)
 s - a ring of fire
 C - a +6 ring of strength (right hand)
Wands
 v - a wand of iceblast (5)
Scrolls
 e - 2 scrolls of identify
 f - a scroll of silence
 j - a scroll of amnesia
 k - 4 scrolls of fear
 m - a scroll of summoning
 o - 2 scrolls of immolation
 t - 2 scrolls of magic mapping
Potions
 g - a potion of resistance
 l - a potion of cancellation {unknown}
 n - a potion of might
 r - a potion of degeneration {unknown}
 w - a potion of mutation {unknown}


   Skills:
 + Level 3.2 Fighting
 - Level 2.3 Crossbows
 + Level 3.9 Armour
 - Level 2.0 Dodging
 - Level 1.3 Stealth
 + Level 3.7 Shields
 + Level 4.4 Spellcasting
 * Level 5.4 Conjurations
 - Level 3.6 Hexes
 + Level 2.8 Air Magic
 + Level 4.6 Poison Magic


You had 11 spell levels left.
You knew the following spells:

 Your Spells              Type           Power      Damage    Failure   Level
a - Slow                  Hex            68%        N/A       3%          1
b - Magic Dart            Conj           92%        1d7       1%          1
m - Mephitic Cloud        Conj/Pois/Air  19%        N/A       9%          3

Your spell library contained the following spells:

 Spells                   Type           Power      Damage    Failure   Level
 Confusing Touch          Hex            17%        N/A       11%         3
 Ensorcelled Hibernation  Hex/Ice        20%        N/A       12%         2
 Freeze                   Ice            16%        1d4       16%         1
 Summon Small Mammal      Summ           16%        N/A       16%         1
 Spider Form              Tmut/Pois      12%        N/A       19%         3
 Inner Flame              Hex/Fire       10%        N/A       22%         3
 Portal Projectile        Hex/Tloc       20%        N/A       22%         3
 Summon Guardian Golem    Hex/Summ       10%        N/A       22%         3
 Call Imp                 Summ           4%         N/A       24%         2
 Cause Fear               Hex            8%         N/A       34%         4
 Call Canine Familiar     Summ           4%         N/A       43%         3
 Anguish                  Hex/Necr       5%         N/A       58%         4
 Yara's Violent Unravell  Hex/Tmut       5%         3d4       91%         5
 Enfeeble                 Hex            8%         N/A       100%        7


Dungeon Overview and Level Annotations

Branches:
Dungeon (8/15)             Temple (1/1) D:7            Lair (0/6) D:8

Altars:
Ashenzari
Cheibriados
Dithmenos
Elyvilon
Fedhas
Kikubaaqudgha
Makhleb
Nemelex Xobeh
Ru
Trog
Vehumet
Zin
The Shining One
Lugonu

Shops:
D:5 :   D:6 ?

Portals:
Abyss: D:6

Annotations:
D:4 3 runed translucent doors, hgbash's ghost, amateur DsVM
D:5 2 transporters, Cecur's ghost, novice DrEE; Dowan
D:6 2 runed translucent doors, exclusion: downstairs
D:8 Joseph


Innate Abilities, Weirdness & Mutations

You cannot be hasted, slowed, berserked, paralysed or teleported.
You can dig through walls and to a lower floor.
You have a pair of large antennae on your head. (SInv)
Your four strong arms can wield two-handed weapons with a shield.


Message History

You barely miss the vampire.
The vampire is heavily damaged.
You slash the vampire!
The vampire is severely damaged.
The vampire hits you. The vampire barely misses you.
You barely miss the vampire.
The vampire is severely damaged.
The vampire hits you but does no damage.
The vampire bites you.
The vampire draws strength from your injuries!
You closely miss the vampire.
The vampire is heavily damaged.
The vampire misses you. The vampire closely misses you.
You slash the vampire!
The vampire is severely damaged.
The vampire casts a spell at you. You resist with some effort.
You hit the vampire.
The vampire is almost destroyed.
You hit the vampire but do no damage.
The vampire is almost destroyed.
The vampire barely misses you. The vampire bites you!
The vampire draws strength from your injuries!
You slash the vampire!
The vampire is almost destroyed.
The vampire points at you and mumbles some strange words.
You are confused.
You closely miss the vampire.
The vampire is almost destroyed.
The vampire barely misses you. The vampire bites you!
* * * LOW HITPOINT WARNING * * *
The vampire draws strength from your injuries!
You are too confused!
Unknown command.
Unknown command.
Unknown command.
It was a potion of haste.
Your stasis prevents you from being hasted.
The vampire draws life force from you!
You die...

....... ......#
...#### #### .
#. . #... .. #..
## #..###
###...######
##..........##
##............##
#..............#
.
#..............#
..
#.......>......#
...
#............{.#
...
#........>.....#
...
##............##
##V=........##
#@#######.##
##.#######.#
#.###.#.#.##
##.#.#.#.##
##.###### ###


You could see a vampire (invisible, slow).

Vanquished Creatures
  Duvessa (D:5)
  An orc warrior (D:7)
  2 black bears (D:6)
  A sky beast (D:6)
  2 ogres
  A kobold brigand (D:7)
  A scorpion (D:7)
  A bullfrog (D:6)
  3 wights
  A killer bee (D:7)
  5 jellies
  3 orc priests
  A hound (D:5)
  2 iguanas (D:4)
  8 orc wizards
  A mummy (D:6)
  7 adders
  A white imp (D:5)
  A worm (D:2)
  5 dart slugs
  24 orcs
  5 ball pythons
  3 endoplasms
  A giant cockroach (D:1)
  7 goblins
  5 hobgoblins
  3 jackals (D:5)
  A quokka (D:1)
  5 bats
  3 frilled lizards
  A hobgoblin zombie (D:6)
  10 kobolds
  2 kobold zombies (D:6)
  An orc zombie (D:6)
  2 rats
121 creatures vanquished.

Vanquished Creatures (others)
  An orc wizard (D:5)
1 creature vanquished.

Grand Total: 122 creatures vanquished

Notes
Turn   | Place    | Note
-------+----------+-------------------------------------------
     0 | D:1      | petzl the Formicid Arcane Marksman began the quest for the
                  | Orb.
     0 | D:1      | Reached XP level 1. HP: 15/15 MP: 2/2
   224 | D:1      | Reached XP level 2. HP: 21/21 MP: 3/3
   491 | D:1      | Found a faded altar of an unknown god.
   496 | D:1      | Reached skill level 1 in Stealth
   612 | D:1      | Got Plato's Collected Works on Cold
  1178 | D:2      | Reached XP level 3. HP: 26/26 MP: 5/5
  1495 | D:2      | Reached skill level 1 in Armour
  1772 | D:2      | Learned a level 1 spell: Magic Dart
  1776 | D:2      | Learned a level 3 spell: Mephitic Cloud
  2026 | D:3      | Noticed an ogre
  2056 | D:3      | Killed an ogre
  2057 | D:3      | Reached skill level 2 in Conjurations
  2057 | D:3      | Reached XP level 4. HP: 33/33 MP: 5/7
  2057 | D:3      | Reached XP level 5. HP: 38/38 MP: 5/8
  2860 | D:4      | Reached skill level 1 in Poison Magic
  2860 | D:4      | Reached XP level 6. HP: 39/44 MP: 8/10
  3198 | D:5      | Entered Level 5 of the Dungeon
  3213 | D:5      | Reached skill level 3 in Conjurations
  3220 | D:5      | Reached skill level 1 in Air Magic
  3436 | D:5      | Noticed Duvessa
  3684 | D:4      | Identified the +9 long sword of Melee {vamp, Drain +Blink
                  | MP+9 Stlth+}
  3690 | D:4      | Found a shadowy altar of Dithmenos.
  3709 | D:5      | Found Linegoim's Self-Improvement Boutique.
  4040 | D:5      | Reached XP level 7. HP: 23/49 MP: 9/11
  4267 | D:5      | Reached skill level 1 in Shields
  4506 | D:4      | Found a runed translucent gate.
  4506 | D:4      | Found a runed translucent gate.
  4507 | D:4      | Found a runed translucent gate.
  4508 | D:4      | Noticed hgbash's ghost (amateur DsVM)
  4936 | D:5      | Found a transporter.
  4938 | D:5      | Noticed Cecur's ghost (novice DrEE)
  5403 | D:5      | Found a transporter.
  5599 | D:5      | Noticed Dowan
  5615 | D:5      | Killed Duvessa
  5616 | D:5      | Reached skill level 4 in Conjurations
  5862 | D:5      | Reached XP level 8. HP: 45/54 MP: 13/13
  6151 | D:6      | Found a one-way gate to the infinite horrors of the Abyss.
  6188 | D:6      | Found Vuopnaig's Magic Scroll Shoppe.
  6204 | D:6      | Bought a scroll of identify for 28 gold pieces
  6204 | D:6      | Bought a scroll of noise for 14 gold pieces
  6204 | D:6      | Bought a scroll of identify for 28 gold pieces
  6327 | D:6      | Found a glowing silver altar of Zin.
  6869 | D:6      | Found a bloodstained altar of Trog.
  7543 | D:6      | Found a burning altar of Makhleb.
  7615 | D:6      | Found a large runed translucent door.
  7615 | D:6      | Found a large runed translucent door.
  7619 | D:6      | Found a corrupted altar of Lugonu.
  7904 | D:7      | Found a staircase to the Ecumenical Temple.
  7917 | Temple   | Entered the Ecumenical Temple
  8163 | Temple   | Became a worshipper of Vehumet
  8197 | D:7      | Reached skill level 5 in Conjurations
  8286 | D:7      | Reached XP level 9. HP: 40/62 MP: 10/15
  8997 | D:8      | Noticed Joseph
  9502 | D:7      | Killed from afar by a vampire

Illustrated notes

Levels and vault maps discovered:
D:1:      dpeg_arrival_another_circle, layout_loops_ring,
          shapermc_ecumenical_altar_rom_forum, wad_floor_pattern_2
D:2:      layout_loops_ring
D:3:      layout_rooms
D:4:      layout_cave_pools, overflow_temple_1_default,
          gammafunk_ghost_nasty_kobolds
D:5:      layout_basic, gammafunk_ghost_stat_death, nicolae_shop_self_help,
          uniq_duvessa
D:6:      due_chaos_kobolds, layout_layer_cave, trog_ov_bears_minmay,
          lightli_temple_of_fire, zin_treasury, serial_shops, shop,
          minmay_mini_ossuary
D:7:      minmay_recursive_quarters, layout_rooms,
          nicolae_overflow_crystal_walls, okawaru_gym_becter,
          minmay_temple_entry_waves
D:8:      layout_loops_ring, dpeg_lair_monsters, nicolae_ossuary_entry_giza,
          uniq_joseph
Temple:   nicolae_temple_figure_eight

Skill      XL: |  1  2  3  4  5  6  7  8  9 |
---------------+----------------------------+-----
Stealth        | 1 |  1.3
Dodging        | 2 |  2.0
Armour         | 1 2 3 |  3.9
Spellcasting   | 2 3 4 |  4.4
Conjurations   | 2 3 4 5 |  5.4
Poison Magic   | 1 2 3 4 |  4.6
Air Magic      | 1 2 |  2.8
Shields        | 2 3 |  3.7
Fighting       | 2 3 |  3.2
Crossbows      | |  2.3
Hexes          | |  3.6

Action                   |  1- 3 |  4- 6 |  7- 9 || total
-------------------------+-------+-------+-------++-------
Melee: Dagger            |     6 |    58 |   172 ||   236
       Punch             |       |       |     5 ||     5
       Long sword        |       |       |    16 ||    16
 Fire: Hand crossbow     |    87 |    72 |   127 ||   286
 Cast: Slow              |     5 |    24 |    59 ||    88
       Magic Dart        |       |     1 |     2 ||     3
       Mephitic Cloud    |       |       |     8 ||     8
 Abil: Dig               |       |       |     4 ||     4
Evoke: Wand              |       |       |     1 ||     1
  Use: Potion            |       |       |     3 ||     3
       Scroll            |       |       |    10 ||    10
 Stab: Confused          |       |       |     3 ||     3
       Sleeping          |       |       |     2 ||     2
Armor: Robe              |     8 |       |       ||     8
       Ring mail         |    18 |     8 |       ||    26
       Leather armour    |       |     4 |    25 ||    29
Dodge: Dodged            |    20 |    35 |    98 ||   153

Table legend: (Time is in decaauts)
 A = Elapsed time spent in this place.
 B = Non-inter-level travel time spent in this place.
 C = Inter-level travel time spent in this place.
 D = Time resting spent in this place.
 E = Time spent auto-exploring this place.
 F = Levels seen in this place.
 G = Mean time per level.
                   A        B        C        D        E       F      G
               +--------+--------+--------+--------+--------+-----+--------+
         Total |   9606 |   9141 |    465 |   3896 |   2732 |   9 | 1067.3 |
       Dungeon |   9085 |   8641 |    444 |   3612 |   2545 |   8 | 1135.6 |
        Temple |    520 |    499 |     21 |    284 |    187 |   1 |  520.0 |
               +--------+--------+--------+--------+--------+-----+--------+

Top non-repeatable levels by time:
     D:5: 2056 daAuts
     D:6: 1768 daAuts
     D:4: 1299 daAuts
     D:7: 1115 daAuts
     D:1: 1071 daAuts
     D:2: 900 daAuts
     D:3: 840 daAuts
  Temple: 520 daAuts
     D:8: 34 daAuts
